 Dungeon Crawl Stone Soup version 0.29.1-13-g9f3cf754e1 (webtiles) character file.

Game seed: 10935585841756532246

35 croobank the Sneak (level 3, 0/15 HPs)
             Began as a Felid Summoner on Feb 3, 2023.
             Succumbed to an adder's poison
             ... on level 3 of the Dungeon.
             The game lasted 00:05:56 (2291 turns).

croobank the Sneak (Felid Summoner)                 Turns: 2291, Time: 00:05:56

Health: 0/15       AC:  1    Str:  4    XL:     3   Next: 17%
Magic:  1/7        EV: 17    Int: 18    God:
Gold:   200        SH:  0    Dex: 16    Spells: 0/6 levels left
                                        Lives:  0   Deaths: 1

rFire   . . .      SeeInvis +   (weapon unavailable)
rCold   . . .      Faith    .   (shield unavailable)
rNeg    . . .      Spirit   .   (body armour unavailable)
rPois   .          Reflect  .   (helmet unavailable)
rElec   .          Harm     .   (cloak unavailable)
rCorr   .          Rampage  .   (gloves unavailable)
Will    .....                   (boots unavailable)
Stlth   +++.......              (no amulet)
HPRegen 0.05/turn               c - ring of wizardry
MPRegen 0.10/turn               (no ring)

@: lethally poisoned (0 -> -6), flying, quick
A: very small, claws 1, fangs 3, see invisible, speed 1, shaggy fur 1, stealthy
paws, no weapons or thrown items, no armour, multi-lived
a: no special abilities


You were on level 3 of the Dungeon.
You visited 1 branch of the dungeon, and saw 3 of its levels.

You collected 200 gold pieces.

Inventory:

Jewellery
 c - a ring of wizardry (left paw)
Scrolls
 b - a scroll of immolation {unknown}
 e - a scroll of amnesia {unknown}
 f - 3 scrolls of teleportation {unknown}
 g - a scroll of poison {unknown}
 h - 2 scrolls of identify {unknown}
 j - 2 scrolls of fog {unknown}
Potions
 d - a potion of flight
 i - a potion of curing {unknown}
 k - a potion of brilliance {unknown}
 l - a potion of mutation {unknown}


   Skills:
 + Level 0.9 Fighting
 + Level 3.1 Dodging
 + Level 5.3 Stealth
 + Level 2.2 Spellcasting
 + Level 4.1 Summonings


You couldn't memorise any spells.
You knew the following spells:

 Your Spells              Type           Power      Damage    Failure   Level
a - Summon Small Mammal   Summ           68%        N/A       1%          1
b - Call Imp              Summ           17%        N/A       1%          2
c - Call Canine Familiar  Summ           17%        N/A       4%          3

Your spell library contained the following spells:

 Spells                   Type           Power      Damage    Failure   Level
 Summon Guardian Golem    Hex/Summ       9%         N/A       9%          3
 Gell's Gravitas          Tloc           2%         N/A       21%         3
 Teleport Other           Tloc           2%         N/A       21%         3
 Summon Lightning Spire   Summ/Air       9%         N/A       28%         4
 Dispersal                Tloc           1%         N/A       100%        6


Dungeon Overview and Level Annotations

Branches:
Dungeon (3/15)

Altars:
Dithmenos


Innate Abilities, Weirdness & Mutations

You have sharp claws.
You have razor-sharp teeth.
You have supernaturally acute eyesight. (SInv)
You cover ground quickly. (Speed+)
You are covered in fur. (AC +1)
Your paws help you pounce on unaware monsters.
You are incapable of wielding weapons or throwing items.
You cannot wear armour.
You gain extra lives every three experience levels.


Message History

The adder attacks as you move away! The adder barely misses you.
Casting: Call Imp (safe; 1% risk of failure)
Confirm with . or Enter, or press ? or * to list all spells.
You don't know that spell.
The adder closely misses you. The adder attacks as you move away!
The adder misses you. The adder attacks as you move away! The adder bites you.
You are poisoned.
The adder poisons you!
You feel sick.
Your magical contamination has completely faded away.
Casting: Call Imp (safe; 1% risk of failure)
Confirm with . or Enter, or press ? or * to list all spells.
You feel sick. The adder misses you.
You swap places.
You feel sick. The adder barely misses you.
You feel sick.
Your rat closely misses the adder.
You feel sick.
You are no longer poisoned.
The adder attacks as you move away! The adder misses you.
You closely miss the adder. The adder closely misses you.
You scratch the adder but do no damage. The adder completely misses you.
Your rat barely misses the adder.
The adder bites you.
You scratch the adder. You bite the adder.
The adder is moderately wounded.
Your rat misses the adder. The adder misses you.
You closely miss the adder.
The adder is moderately wounded.
The adder bites you.
* * * LOW HITPOINT WARNING * * *
Your rat bites the adder.
You scratch the adder but do no damage. You claw the adder, but do no damage.
The adder is heavily wounded.
The adder bites you.
* * * LOW HITPOINT WARNING * * *
You are lethally poisoned!
The adder poisons you!
Your rat closely misses the adder.
The adder barely misses you.
It was a potion of flight.
You feel very buoyant.
You fly up into the air.
You die...

# # #
#################
........@Sr.....#
###############.#
#.# #.# #.# #.#
#.# #.# #.#


You could see an adder (ally target) and a friendly rat (summoned).

Vanquished Creatures
  An adder (D:3)
  A goblin (D:3)
  2 hobgoblins (D:2)
  2 kobolds
6 creatures vanquished.

Vanquished Creatures (collateral kills)
  2 adders
  2 river rats (D:3)
  2 worms
  A bat (D:2)
  2 endoplasms
  2 giant cockroaches (D:1)
  2 goblins
  A hobgoblin (D:1)
  A quokka (D:1)
  2 ball pythons
  2 frilled lizards
  A kobold (D:2)
  6 rats
26 creatures vanquished.

Vanquished Creatures (others)
  A fungus (D:1)
1 creature vanquished.

Grand Total: 33 creatures vanquished

Notes
Turn   | Place    | Note
-------+----------+-------------------------------------------
     0 | D:1      | croobank the Felid Summoner began the quest for the Orb.
     0 | D:1      | Reached XP level 1. HP: 7/7 MP: 4/4
    80 | D:1      | Found a faded altar of an unknown god.
   200 | D:1      | Reached skill level 3 in Stealth
   666 | D:1      | Reached skill level 4 in Stealth
   666 | D:1      | Reached XP level 2. HP: 9/11 MP: 1/6
   717 | D:1      | Learned a level 2 spell: Call Imp
  1247 | D:2      | Reached skill level 5 in Stealth
  1387 | D:2      | Reached XP level 3. HP: 14/14 MP: 2/7
  1455 | D:2      | Learned a level 3 spell: Call Canine Familiar
  2031 | D:3      | Found a shadowy altar of Dithmenos.
  2144 | D:3      | Reached XP level 4. HP: 18/18 MP: 0/8
  2228 | D:3      | Slain by a worm
  2229 | D:3      | Reached XP level 3. HP: -4/15 MP: 7/7
  2291 | D:3      | Succumbed to an adder's poison

Illustrated notes

Levels and vault maps discovered:
D:1:      mrwooster_arrival_statue_3, layout_loops_cross,
          shapermc_ecumenical_altar_acropolis,
          nicolae_concentric_dashed_squares_mild, moated_statue,
          grunt_decor_mini_mirrors, chequers_serial_rivers_large_b
D:2:      layout_rooms
D:3:      layout_basic, amcnicky_altar_gilded, lightli_sewer_entry_pipes,
          uniq_terence

Skill      XL: |  1  2  3 |
---------------+----------+-----
Stealth        | 4 5 |  5.3
Dodging        | 3 |  3.1
Fighting       | |  0.9
Spellcasting   | |  2.2
Summonings     | |  4.1

Action                   |  1- 3 |  4- 6 || total
-------------------------+-------+-------++-------
Melee: Unarmed           |    35 |    10 ||    45
       Punch             |     1 |       ||     1
       Bite              |     1 |       ||     1
 Cast: Summon Small Mamm |    48 |     2 ||    50
       Call Imp          |    13 |     1 ||    14
       Call Canine Famil |     3 |     2 ||     5
  Use: Potion            |     1 |     1 ||     2
 Stab: Sleeping          |     4 |     1 ||     5
Armor: Skin              |     2 |     1 ||     3
Dodge: Dodged            |    59 |     6 ||    65
